 Dungeon Crawl Stone Soup version 0.24.0-1-gfbc8707 (webtiles) character file.

Game seed: 10108140360977526992, levelgen mode: deterministic

507 Buxparty the Sneak (level 6, -2/30 HPs)
             Began as a Spriggan Assassin on Dec 31, 2019.
             Slain by an ogre
             ... wielding the +8 great mace "Ukuoc" {crush, rPois rC++ rN+ Int+4}
              (20 damage)
             ... on level 3 of the Dungeon.
             The game lasted 00:17:23 (5449 turns).

Buxparty the Sneak (Spriggan Assassin)              Turns: 5449, Time: 00:17:23

Health: -2/30      AC:  7    Str:  9    XL:     6   Next: 97%
Magic:  7/7        EV: 22    Int: 12    God:
Gold:   128        SH:  0    Dex: 18    Spells: 5/5 levels left

rFire    + . .     SeeInvis +   A - +3 dagger (flame)
rCold    + + .     Gourm    .   (shield restricted)
rNeg     . . .     Faith    .   B - +2 robe {rC+ rF+}
rPois    .         Spirit   .   (helmet restricted)
rElec    .         Reflect  .   c - +0 cloak
rCorr    .         Harm     .   (gloves unavailable)
MR       +....                  (boots unavailable)
Stlth    ++++......             (no amulet)
HPRegen  0.10/turn              w - ring of Charity {+Blink rC+ AC+2}
MPRegen  0.10/turn              (no ring)

@: very quick
A: very small, unfitting armour, see invisible, herbivore, speed 3, slow
metabolism 2
a: Evoke Blink


You were on level 3 of the Dungeon.
You were not hungry.

You visited 1 branch of the dungeon, and saw 4 of its levels.

You collected 128 gold pieces.

Inventory:

Hand Weapons
 a - a +2 dagger
 e - a +0 hunting sling
 A - a +3 dagger of flaming (weapon)
Missiles
 l - 41 sling bullets
 m - a curare-tipped dart
 p - 6 poisoned darts
 C - 5 atropa-tipped darts (quivered)
Armour
 b - a +0 robe
 c - a +0 cloak (worn)
 B - a +2 robe of resistance (worn)
Jewellery
 w - the ring of Charity (left hand) {+Blink rC+ AC+2}
   (You found it on level 4 of the Dungeon)

   [ring of protection]

   It affects your AC (+2).
   It protects you from cold.
   It lets you blink.
Wands
 d - a wand of digging (6)
 o - a wand of random effects (23)
 x - a wand of acid (8)
Scrolls
 i - 7 scrolls of identify {unknown}
 j - 2 scrolls of enchant armour {unknown}
 k - 2 scrolls of immolation {unknown}
 r - 2 scrolls of magic mapping {unknown}
 s - a scroll of fog {unknown}
 t - a scroll of amnesia {unknown}
 v - a scroll of remove curse {unknown}
 y - a scroll of teleportation {unknown}
 z - a scroll of fear {unknown}
Potions
 g - 2 potions of might {unknown}
 h - 2 potions of curing {unknown}
 n - 2 potions of berserk rage {unknown}
 q - a potion of magic {unknown}
 u - a potion of agility {unknown}
Comestibles
 f - 4 rations


   Skills:
 - Level 1.5 Fighting
 + Level 6.2 Short Blades
 - Level 2.0 Throwing
 - Level 6.1 Dodging
 - Level 7.2 Stealth


You had 5 spell levels left.
You didn't know any spells.
Your spell library contained the following spells:

 Spells                   Type           Power        Failure   Level  Hunger
 Infusion                 Chrm           #...         32%         1    ##.....
 Summon Small Mammal      Summ           #...         32%         1    ##.....
 Call Imp                 Summ           #.......     45%         2    ###....
 Shroud of Golubria       Chrm/Tloc      #.....       45%         2    ###....
 Song of Slaying          Chrm           #.......     45%         2    ###....
 Call Canine Familiar     Summ           #.......     69%         3    ####...
 Regeneration             Chrm/Necr      #.........   69%         3    ####...
 Spectral Weapon          Hex/Chrm       #.......     69%         3    ####...
 Summon Guardian Golem    Hex/Summ       #.......     69%         3    ####...
 Summon Ice Beast         Ice/Summ       #.......     97%         4    #####..
 Summon Lightning Spire   Summ/Air       #.......     97%         4    #####..


Dungeon Overview and Level Annotations

Branches:
Dungeon (4/15)
 Temple: D:4-7

Altars:
Ashenzari
Ru
Uskayaw
Yredelemnul

Annotations:
D:3 Minkie's ghost, weakling TrMo
D:4 3 runed translucent doors, alexhoolio's ghost, amateur SpAs


Innate Abilities, Weirdness & Mutations

You are very small and have problems with some larger weapons.
You are too small for most types of armour.
You have supernaturally acute eyesight. (SInv)
You are a herbivore.
You cover ground extremely quickly.
You need to consume almost no food.


Message History

C - 4 atropa-tipped darts (gained 1)
You see here an atropa-tipped dart.
C - 5 atropa-tipped darts (gained 1) Minkie's ghost closely misses you.
You see here an atropa-tipped dart.
C - 6 atropa-tipped darts (gained 1) Minkie's ghost completely misses you.
There is a transporter landing site here.
Minkie's ghost misses you.
You barely miss Minkie's ghost.
Minkie's ghost is severely damaged.
Minkie's ghost closely misses you.
Throwing (i - inventory. (/) - cycle)
C - 6 atropa-tipped darts (quivered)
Press: ? - help, Shift-Dir - straight line, f/p - ogre
Aim: an ogre, wielding the +8 great mace "Ukuoc" {crush, rPois rC++ rN+ Int+4} (chance to blind on hit: 70%)
You throw an atropa-tipped dart.
The atropa-tipped dart barely misses the ogre.
The ogre hits you with the +8 great mace "Ukuoc" {crush, rPois rC++ rN+ Int+4}!!
Ouch! That really hurt!
You die...

#.#####..##.#
......#..##.##
##.##.#..#...######
#.##..)..©.©.....#
#..###############
##.##©...$).....##
#..#..##...##..#
##.#.#..#.#..#.#
#.#.#..#(#..#@#
######..##..(##O.#
.....#.....©..W..#
##################
.(.......#
...###...# ...#
#...# ...#
#...##############
...#
##...............#


You could see an ogre and Minkie's ghost.

Vanquished Creatures
  Duvessa (D:4)
  A phantom (D:4)
  Dowan (D:4)
  A hound (D:4)
  Terence (D:2)
  Robin (D:2)
  4 adders
  4 gnolls (D:4)
  2 worms
  2 dart slugs
  5 leopard geckos
  2 orcs
  2 ball pythons
  7 bats
  4 giant cockroaches
  2 gnoll zombies (D:3)
  15 goblins
  11 hobgoblins
  10 jackals
  8 kobolds
  2 quokkas (D:3)
  4 frilled lizards
  A jackal skeleton (D:4)
  10 rats
101 creatures vanquished.

Vanquished Creatures (others)
  5 toadstools (D:1)
5 creatures vanquished.

Grand Total: 106 creatures vanquished

Notes
Turn   | Place    | Note
-------+----------+-------------------------------------------
     0 | D:1      | Buxparty the Spriggan Assassin began the quest for the Orb.
     0 | D:1      | Reached XP level 1. HP: 10/10 MP: 2/2
    68 | D:1      | Reached skill level 6 in Stealth
    97 | D:1      | Reached XP level 2. HP: 6/14 MP: 3/3
  1060 | D:1      | Reached XP level 3. HP: 18/18 MP: 4/4
  1920 | D:2      | Noticed Terence
  1973 | D:2      | Killed Terence
  1973 | D:2      | Reached XP level 4. HP: 22/22 MP: 5/5
  2048 | D:2      | Reached skill level 7 in Stealth
  2194 | D:2      | Noticed Robin
  2259 | D:2      | Killed Robin
  2527 | D:2      | Found a shattered altar of Ashenzari.
  2669 | D:2      | Found a hide-covered altar of Uskayaw.
  3118 | D:3      | Reached XP level 5. HP: 25/25 MP: 6/6
  3489 | D:3      | Found a transporter.
  3489 | D:3      | Noticed Minkie's ghost (weakling TrMo)
  3489 | D:3      | Identified the +8 great mace "Ukuoc" {crush, rPois rC++ rN+
                  | Int+4}
  3489 | D:3      | Noticed an ogre
  3490 | D:3      | Found a transporter.
  3847 | D:3      | Found a basalt altar of Yredelemnul.
  4142 | D:3      | Found a sacrificial altar of Ru.
  4292 | D:4      | Got a pitted bone ring
  4293 | D:4      | Identified the ring of Charity {+Blink rC+ AC+2} (You found
                  | it on level 4 of the Dungeon)
  4475 | D:4      | Noticed a phantom
  4617 | D:4      | Found a runed translucent gate.
  4617 | D:4      | Found a runed translucent gate.
  4618 | D:4      | Found a runed translucent gate.
  4619 | D:4      | Noticed alexhoolio's ghost (amateur SpAs)
  4623 | D:4      | Noticed an orc warrior
  4743 | D:4      | Noticed Duvessa
  4745 | D:4      | Killed Duvessa
  4745 | D:4      | Reached skill level 5 in Dodging
  4745 | D:4      | Reached XP level 6. HP: 30/30 MP: 7/7
  4746 | D:4      | Noticed Dowan
  4747 | D:4      | Killed Dowan
  4747 | D:4      | Reached skill level 5 in Short Blades
  5449 | D:3      | Slain by an ogre

Levels and vault maps discovered:
D:1:      ldierk_walled_garden, layout_loops_ring, serial_bayou_ford_a,
          minmay_misc_feat_cross, minmay_3d_cube
D:2:      minmay_recursive_quarters, layout_rooms, lemuel_doored_altar,
          evilmike_ruin_ashenzari, first_ration, uniq_robin, uniq_terence
D:3:      layout_basic, nicolae_ru_path_of_blood,
          lemuel_zombie_altar_yredelemnul, gammafunk_ghost_smash
D:4:      layout_basic, gammafunk_ghost_split, uniq_duvessa

Skill      XL: |  1  2  3  4  5  6 |
---------------+-------------------+-----
Dodging        | 2 3 4 5 6 |  6.1
Stealth        | 6 7 |  7.2
Short Blades   | 3 4 6 |  6.2
Fighting       | |  1.5
Throwing       | |  2.0

Action                   |  1- 3 |  4- 6 || total
-------------------------+-------+-------++-------
Melee: Dagger            |   126 |   217 ||   343
Throw: Dart              |    10 |    19 ||    29
 Stab: Sleeping          |    11 |    21 ||    32
       Distracted        |     1 |     2 ||     3
  Eat: Ration            |       |     3 ||     3
Armor: Robe              |    12 |    21 ||    33
Dodge: Dodged            |    70 |   157 ||   227
